 Dungeon Sprint DCSS version 0.21.1-1-g345015fe64 (webtiles) character file.

271 Jannitor the Insei (level 6, -16/46 HPs)
             Began as an Octopode Transmuter on Mar 28, 2018.
             Was a Follower of Qazlal.
             Demolished by a two-headed ogre
             ... wielding a +0 giant club
              (20 damage)
             ... in the Dungeon (Sprint IX: "|||||||||||||||||||||||||||||").
             The game lasted 00:01:45 (445 turns).

Jannitor the Insei (Octopode Transmuter)             Turns: 445, Time: 00:01:45

Health: -16/46     AC:  2    Str: 12    XL:     6   Next: 23%
Magic:  3/12       EV: 25    Int: 18    God:    Qazlal [*.....]
Gold:   0          SH:  1    Dex: 20    Spells: 9/13 levels left

rFire    . . .     SeeInvis .     - Unarmed
rCold    . . .     Gourm    .   (shield currently unavailable)
rNeg     . . .     Faith    .   (helmet currently unavailable)
rPois    x         Spirit   .   (no amulet)
rElec    .         Reflect  .   n - +3 ring of intelligence
rCorr    .         Harm     .   o - +3 ring of dexterity
MR       .....     NoTele   +   (no ring)
Stlth    ++........             (no ring)
HPRegen  0.15/turn              (no ring)
MPRegen  0.13/turn              (no ring)
                                (no ring)
                                (no ring)

@: spider-form
A: tiny, almost no armour, stealthy swim, (amphibious), 8 rings, (constrict 8)
a: End Transformation, Renounce Religion


You were in the Dungeon.
You worshipped Qazlal.
Qazlal was aware of your devotion.
You were not hungry.
You were a venomous arachnid creature.
You visited 1 branch

Inventory:

Missiles
 a - 12 arrows
Jewellery
 n - a +3 ring of intelligence (left front leg)
 o - a +3 ring of dexterity (right front leg)
Wands
 m - a wand of iceblast (10)
Scrolls
 i - 2 scrolls of blinking
 k - 3 scrolls of remove curse
 l - 2 scrolls of amnesia
Potions
 d - 5 potions of curing
 e - 3 potions of heal wounds
 f - a potion of haste
 g - 4 potions of magic
 h - a potion of berserk rage
 j - a potion of invisibility
Books
 b - a book of Changes

   Spells                             Type                      Level
   a - Beastly Appendage              Transmutation                1
   b - Sticks to Snakes               Transmutation                2
   c - Spider Form                    Transmutation/Poison         3
   d - Ice Form                       Ice/Transmutation            4
   e - Blade Hands                    Transmutation                5
Comestibles
 c - a ration


   Skills:
 + Level 5.9 Fighting
 + Level 6.2 Dodging
 + Level 6.6 Unarmed Combat
 + Level 4.1 Spellcasting
 + Level 6.2 Transmutations


You had 9 spell levels left.
You knew the following spells:

 Your Spells              Type           Power        Failure   Level  Hunger
a - Beastly Appendage     Tmut           ####..       5%          1    None
b - Spider Form           Tmut/Pois      ##........   28%         3    ###....


Dungeon Overview and Level Annotations

Branches:
Dungeon (1/1)

Altars:
Cheibriados
Dithmenos
Elyvilon
Fedhas
Gozag
Hepliaklqana
Kikubaaqudgha
Makhleb
Nemelex Xobeh
Okawaru
Qazlal
Ru
Sif Muna
Trog
Uskayaw
Vehumet
Wu Jian
Xom
Yredelemnul
Zin
The Shining One
Beogh
Jiyva
Lugonu


Innate Abilities, Weirdness & Mutations

You cannot wear most types of armour.
You are very stealthy in the water. (Stealth+)
((You are amphibious.))
You can wear up to eight rings at the same time.
((You can use your tentacles to constrict eight enemies at once.))
((Your skin changes colour to match your surroundings (Stealth+).))
((Your rubbery body absorbs attacks. (AC +1, EV +1)))


Message History

The orc wizard hits you but does no damage.
The two-headed ogre hits you with a giant club!!
Ouch! That really hurt!
* * * LOW HITPOINT WARNING * * *
The two-headed ogre misses you. The orc wizard completely misses you.
You bite the two-headed ogre!
The two-headed ogre is moderately wounded.
The orc wizard gestures wildly while chanting.
The orc wizard blinks!
Unknown command.
Press < or > to pray at altars.
You bite the two-headed ogre!
The two-headed ogre looks as sick as possible!
The two-headed ogre is heavily wounded.
The orc wizard points at you and mumbles some strange words.
The magic dart hits you!
* * * LOW HITPOINT WARNING * * *
The two-headed ogre completely misses you.
The two-headed ogre hits you with a giant spiked club!!
You die... ▓▓▓▓▓▓▓▓▓▓▓▓▓▓▓▓▓▓▓▓▓▓▓▓▓▓▓▓▓▓▓▓▓ )..[[[)|..'___FOso_______________ ▓▓▓▓▓▓▓▓▓▓▓▓▓▓▓▓▓▓▓▓▓▓▓▓▓▓▓▓▓▓▓▓▓

You could see a two-headed ogre, a bullfrog and an orc wizard.

Vanquished Creatures
  A necrophage (D)
  An ice beast (D)
  2 crimson imps (D)
  An adder (D)
  A shadow imp (D)
  An orc (D)
  A giant cockroach (D)
  A goblin (D)
  2 kobolds (D)
  2 bats (D)
13 creatures vanquished.

Notes
Turn   | Place    | Note
-------+----------+-------------------------------------------
     0 | D        | Jannitor the Octopode Transmuter began the quest for the Orb.
     0 | D        | Reached XP level 1. HP: 13/13 MP: 3/3
   165 | D        | Noticed a crimson imp
   165 | D        | Noticed a crimson imp
   172 | D        | Reached XP level 2. HP: 17/20 MP: 3/5
   182 | D        | Reached XP level 3. HP: 17/25 MP: 4/6
   190 | D        | Reached XP level 4. HP: 17/33 MP: 5/7
   204 | D        | Reached skill level 5 in Unarmed Combat
   344 | D        | Found a roughly hewn altar of Beogh.
   344 | D        | Found a snail-covered altar of Cheibriados.
   344 | D        | Found a shadowy altar of Dithmenos.
   344 | D        | Found a white marble altar of Elyvilon.
   344 | D        | Found a blossoming altar of Fedhas.
   344 | D        | Found an opulent altar of Gozag.
   345 | D        | Found a hazy altar of Hepliaklqana.
   346 | D        | Found a viscous altar of Jiyva.
   347 | D        | Found an ancient bone altar of Kikubaaqudgha.
   348 | D        | Found a corrupted altar of Lugonu.
   349 | D        | Found a burning altar of Makhleb.
   350 | D        | Found a sparkling altar of Nemelex Xobeh.
   351 | D        | Found an iron altar of Okawaru.
   352 | D        | Found a stormy altar of Qazlal.
   353 | D        | Found a sacrificial altar of Ru.
   354 | D        | Found a deep blue altar of Sif Muna.
   355 | D        | Found a bloodstained altar of Trog.
   356 | D        | Found a hide-covered altar of Uskayaw.
   357 | D        | Found a radiant altar of Vehumet.
   358 | D        | Found an ornate altar of the Wu Jian Council.
   359 | D        | Found a shimmering altar of Xom.
   360 | D        | Became a worshipper of Qazlal Stormbringer
   361 | D        | Found a basalt altar of Yredelemnul.
   362 | D        | Found a glowing silver altar of Zin.
   363 | D        | Found a glowing golden altar of the Shining One.
   375 | D        | Learned a level 3 spell: Spider Form
   393 | D        | Noticed a bullfrog
   393 | D        | Noticed a two-headed ogre
   393 | D        | Noticed an ice beast
   393 | D        | Noticed a necrophage
   415 | D        | Killed a necrophage
   415 | D        | Reached skill level 5 in Fighting
   415 | D        | Reached skill level 5 in Dodging
   415 | D        | Reached skill level 5 in Transmutations
   415 | D        | Reached XP level 5. HP: 39/39 MP: 2/10
   442 | D        | Killed an ice beast
   442 | D        | Reached * piety under Qazlal
   442 | D        | Reached XP level 6. HP: 38/46 MP: 3/12
   445 | D        | Demolished by a two-headed ogre

Skill      XL: |  1  2  3  4  5 |
---------------+----------------+-----
Fighting       | 2 3 5 |  5.9
Dodging        | 3 4 5 6 |  6.2
Transmutations | 3 4 5 6 |  6.2
Unarmed Combat | 4 6 |  6.6
Spellcasting   | 3 4 |  4.1

Action                   |  1- 3 |  4- 6 || total
-------------------------+-------+-------++-------
Melee: Unarmed           |    33 |    40 ||    73
       Constrict         |     9 |     2 ||    11
       Tentacles         |     5 |     2 ||     7
       Kick              |     3 |       ||     3
 Cast: Beastly Appendage |     2 |       ||     2
       Spider Form       |       |     2 ||     2
Armor: Skin              |     2 |     1 ||     3
Dodge: Dodged            |    16 |    32 ||    48
